 Dungeon Crawl Stone Soup version 0.29.0-4-gdea44cf6ec (webtiles) character file.

Game seed: 17652390712594864753

148 qw the Chopper (level 5, -4/30 HPs)
             Began as a Tengu Warper on Aug 28, 2022.
             Slain by Grinder (7 damage)
             ... on level 3 of the Dungeon.
             The game lasted 00:00:22 (2001 turns).

qw the Chopper (Tengu Warper)                       Turns: 2001, Time: 00:00:23

Health: -4/30      AC: 12    Str: 13    XL:     5   Next: 30%
Magic:  9/9        EV:  6    Int: 14    God:
Gold:   92         SH:  4    Dex: 13    Spells: 8/8 levels left

rFire   . . .      SeeInvis .   a - +2 hand axe (elec)
rCold   . . .      Faith    .   h - +0 buckler
rNeg    . . .      Spirit   .   f - +0 chain mail
rPois   .          Reflect  .   (helmet restricted)
rElec   .          Harm     .   l - scarf {repulsion}
rCorr   .          Rampage  .   (no gloves)
Will    .....                   (boots unavailable)
Stlth   ..........              (no amulet)
HPRegen 0.10/turn               (no ring)
MPRegen 0.11/turn               (no ring)

@: flying quickly and evasively, repel missiles, unable to read, quick
A: beak, talons 3, nimble flight, horns 1, iridescent scales 2, inability to
read after injury 1
a: no special abilities


You were on level 3 of the Dungeon.
You visited 1 branch of the dungeon, and saw 3 of its levels.

You collected 92 gold pieces.


Innate Abilities, Weirdness & Mutations

You have a beak for a mouth.
You have claws for feet.
Your magical nature lets you fly swiftly and evasively.
You have a pair of small horns on your head.
You are mostly covered in iridescent scales. (AC +4)
You occasionally lose the ability to read scrolls when taking damage.


   Skills:
 - Level 2.0 Fighting
 + Level 5.5 Axes
 - Level 1.0 Throwing
 - Level 1.1 Armour
 - Level 2.1 Dodging
 - Level 1.3 Shields
 - Level 2.0 Spellcasting
 - Level 2.4 Translocations


You had 8 spell levels left.
You didn't know any spells.
Your spell library contained the following spells:

 Spells                   Type           Power      Damage    Failure   Level
 Blink                    Tloc           16%        N/A       100%        2
 Gell's Gravitas          Tloc           8%         N/A       100%        3
 Lesser Beckoning         Tloc           8%         N/A       100%        3
 Teleport Other           Tloc           8%         N/A       100%        3
 Manifold Assault         Tloc           8%         N/A       100%        5

Inventory:

Hand Weapons
 a - a +2 hand axe of electrocution (weapon)
 k - a +0 flail of holy wrath
Armour
 f - a +0 chain mail (worn)
 h - a +0 buckler (worn)
 l - a scarf of repulsion (worn)
Jewellery
 g - a ring of fire
Scrolls
 c - a scroll of identify
Potions
 e - a potion of lignification {unknown}
 i - a potion of curing

Dungeon Overview and Level Annotations

Branches:
Dungeon (3/15)

Altars:

Annotations:
D:3 Grinder


Message History

You closely miss the adder. Your kick misses the adder.
The adder is heavily wounded.
You block the adder's attack. Grinder gestures at you.
Pain shoots through your body! The adder bites you but does no damage.
You completely miss the adder. Your kick misses the adder.
The adder is heavily wounded.
You barely miss the orc. The orc hits you with a +0 dagger.
The adder bites you but does no damage.
You completely miss the adder. You claw the adder.
You kill the adder!
You closely miss the orc. The orc hits you but does no damage.
A kobold comes into view. It is wielding a +0 whip.
You closely miss Grinder.
The kobold shouts!
You hit the orc. Grinder gestures at you. Pain shoots through your body!
The orc hits you but does no damage. Grinder barely misses you.
The orc closely misses you.
You barely miss the orc. You claw the orc. You peck the orc.
You kill the orc!
You hit Grinder but do no damage. You hit the rat.
You kill the rat!
Grinder hits you but does no damage.
You barely miss Grinder. Your kick misses Grinder. You headbutt Grinder.
You peck Grinder, but do no damage.
Grinder is lightly wounded.
Grinder gestures at you. Pain shoots through your body!
You feel threatened and lose the ability to read scrolls!
You barely miss Grinder. Your kick misses Grinder.
You headbutt Grinder, but do no damage. You peck Grinder.
Grinder is lightly wounded.
Grinder barely misses you.
You hit Grinder. Lightning courses through Grinder!
You claw Grinder, but do no damage. Your headbutt misses Grinder.
Grinder is heavily wounded.
Grinder hits you!
You die...

..............? .......
#..........:............
#.?................<....
#..........>............
#...............:.......
#..............[........
#........K..............
#......%)...............
#<.....@................
#......5................
#.......................
#.......................
........................
#...........)..........)
#.......................
#.......................
.....................


You could see Grinder and a kobold.

Vanquished Creatures
  Terence (D:3)
  3 gnolls (D:2)
  2 adders
  A worm (D:2)
  A dart slug (D:1)
  2 orcs (D:3)
  9 bats
  6 endoplasms
  2 giant cockroaches (D:2)
  6 goblins
  4 hobgoblins
  6 jackals
  A quokka (D:1)
  5 ball pythons
  3 frilled lizards (D:1)
  7 kobolds
  5 rats
64 creatures vanquished.

Vanquished Creatures (others)
  118 plants (D:1)
118 creatures vanquished.

Grand Total: 182 creatures vanquished

Notes
Turn   | Place    | Note
-------+----------+-------------------------------------------
     0 | D:1      | qw the Tengu Warper began the quest for the Orb.
     0 | D:1      | Reached XP level 1. HP: 12/12 MP: 4/4
     0 | D:1      | 0 ||| qw: Version: 0.1-a-89-g26bdef1
     0 | D:1      | 0 ||| qw: Game counter: 261
     0 | D:1      | 0 ||| qw: Always use a shield: true
     0 | D:1      | 0 ||| qw: God list: Okawaru
     0 | D:1      | 0 ||| qw: Allow faded altars: false
     0 | D:1      | 0 ||| qw: Do Orc after D:15 true
     0 | D:1      | 0 ||| qw: Do second Lair branch before Depths: true
     0 | D:1      | 0 ||| qw: Lair rune preference: random
     0 | D:1      | 0 ||| qw: Plans: Normal
     0 | D:1      | 0 ||| PLANNING D:1-11
   153 | D:1      | 153 ||| Stepping ~*~*~tactically~*~*~ (stealth).
   173 | D:1      | Reached XP level 2. HP: 15/17 MP: 6/6
   179 | D:1      | Reached skill level 3 in Axes
   244 | D:1      | 244 ||| Stepping ~*~*~tactically~*~*~ (hiding).
   249 | D:1      | 249 ||| Stepping ~*~*~tactically~*~*~ (stealth).
   270 | D:1      | 270 ||| Stepping ~*~*~tactically~*~*~ (stealth).
   271 | D:1      | 271 ||| Stepping ~*~*~tactically~*~*~ (stealth).
   296 | D:1      | 296 ||| Stepping ~*~*~tactically~*~*~ (stealth).
   304 | D:1      | 304 ||| Stepping ~*~*~tactically~*~*~ (stealth).
   353 | D:1      | HP: 4/17 [kobold/+0 whip (1)]
   354 | D:1      | HP: 1/17 [kobold/+0 whip (3)]
   731 | D:1      | Reached XP level 3. HP: 19/21 MP: 7/7
   952 | D:1      | 952 ||| UPGRADING to +0 buckler.
   957 | D:1      | 957 ||| UPGRADING to +0 ring mail.
   967 | D:1      | 967 ||| DROPPING +0 leather armour.
   968 | D:1      | 968 ||| READING scroll labelled WAMPUMMUNOM.
   969 | D:1      | 969 ||| DRINKING 2 bubbling yellow potions.
   969 | D:1      | Gained mutation: You do not regenerate when monsters are
                  | visible. [potion of mutation]
   969 | D:1      | Gained mutation: You have a pair of small horns on your
                  | head. [potion of mutation]
   970 | D:1      | 970 ||| DRINKING potion of mutation.
   970 | D:1      | Lost mutation: You do not regenerate when monsters are
                  | visible. [potion of mutation]
   970 | D:1      | Lost mutation: You have a pair of small horns on your head.
                  | [potion of mutation]
   970 | D:1      | Gained mutation: You are partially covered in iridescent
                  | scales. (AC +2) [potion of mutation]
   970 | D:1      | Gained mutation: You occasionally lose the ability to read
                  | scrolls when taking damage. [potion of mutation]
   970 | D:1      | Gained mutation: You have a pair of small horns on your
                  | head. [potion of mutation]
   970 | D:1      | Gained mutation: You are mostly covered in iridescent
                  | scales. (AC +4) [potion of mutation]
   971 | D:1      | 971 ||| DROPPING scroll of blinking.
  1093 | D:2      | 1093 ||| Stepping ~*~*~tactically~*~*~ (stealth).
  1117 | D:2      | Reached skill level 1 in Shields
  1124 | D:2      | Reached skill level 4 in Axes
  1125 | D:2      | Reached XP level 4. HP: 17/26 MP: 8/8
  1224 | D:2      | 1224 ||| Stepping ~*~*~tactically~*~*~ (stealth).
  1227 | D:2      | 1227 ||| Stepping ~*~*~tactically~*~*~ (stealth).
  1228 | D:2      | 1228 ||| Stepping ~*~*~tactically~*~*~ (stealth).
  1242 | D:2      | 1242 ||| Stepping ~*~*~tactically~*~*~ (stealth).
  1258 | D:2      | 1258 ||| DROPPING +0 whip.
  1686 | D:2      | 1686 ||| UPGRADING to +0 scale mail.
  1696 | D:2      | 1696 ||| UPGRADING to +0 chain mail.
  1706 | D:2      | 1706 ||| DROPPING +0 scale mail.
  1707 | D:2      | 1707 ||| DROPPING +0 ring mail.
  1708 | D:2      | 1708 ||| UPGRADING to scarf of repulsion.
  1713 | D:2      | 1713 ||| READING scroll labelled XEWEFE JOSOUSS.
  1714 | D:2      | 1714 ||| READING scroll labelled OTEMEOTOCS.
  1715 | D:2      | 1715 ||| DRINKING 3 viscous orange potions.
  1716 | D:2      | 1716 ||| Stepping randomly (stuck).
  1717 | D:2      | 1717 ||| Stepping ~*~*~tactically~*~*~ (cloud).
  1718 | D:2      | 1718 ||| DRINKING 2 potions of curing.
  1718 | D:2      | 1718 ||| (to cure poison)
  1853 | D:3      | 1853 ||| SWAPPING to +2 hand axe of electrocution.
  1854 | D:3      | 1854 ||| DROPPING +0 hand axe of venom.
  1879 | D:3      | Noticed Terence
  1895 | D:3      | Killed Terence
  1896 | D:3      | Reached skill level 5 in Axes
  1896 | D:3      | Gained mutation: Your magical nature lets you fly swiftly
                  | and evasively. [Tengu growth]
  1896 | D:3      | Reached XP level 5. HP: 27/30 MP: 9/9
  1985 | D:3      | Noticed Grinder
  1999 | D:3      | HP: 3/30 [Grinder/nerve-wracking pain (9)]
  2001 | D:3      | Slain by Grinder

Levels and vault maps discovered:
D:1:      roderic_crop_circles_arrival_large, layout_rooms
D:2:      layout_rooms
D:3:      layout_basic, uniq_terence, uniq_grinder, uniq_robin

Skill      XL: |  1  2  3  4 |
---------------+-------------+-----
Axes           | 3 4 5 |  5.5
Shields        | 1 |  1.3
Fighting       | |  2.0
Throwing       | |  1.0
Armour         | |  1.1
Dodging        | |  2.1
Spellcasting   | |  2.0
Translocations | |  2.4

Action                   |  1- 3 |  4- 6 || total
-------------------------+-------+-------++-------
Melee: Hand axe          |    79 |    64 ||   143
       Kick              |    16 |    16 ||    32
       Peck              |    10 |    11 ||    21
       Headbutt          |     5 |    12 ||    17
Throw: Boomerang         |     7 |       ||     7
  Use: Potion            |     2 |     2 ||     4
       Scroll            |     1 |     2 ||     3
Armor: Leather armour    |    13 |       ||    13
       Ring mail         |    16 |    11 ||    27
       Chain mail        |       |    21 ||    21
Dodge: Dodged            |    41 |    18 ||    59
Block: Buckler           |     6 |     9 ||    15

Table legend:
 A = Non-vault XP
 B = Vault XP
 C = Vault XP percentage of total XP
 D = Non-vault monster count
 E = Vault monster count
 F = Vault count percentage of total count
                 A         B        C        D         E       F
            +---------+---------+-------+---------+---------+-------
      Total |     168 |      44 |  20.8 |      61 |       3 |   4.7
            +---------+---------+-------+---------+---------+-------
        D:1 |      42 |       0 |   0.0 |      26 |       0 |   0.0
        D:2 |      89 |       0 |   0.0 |      22 |       0 |   0.0
        D:3 |      37 |      44 |  54.3 |      13 |       3 |  18.8
            +---------+---------+-------+---------+---------+-------
